TOP OF THE 1ST |
California Angels batting - Pitching for Minnesota Twins : LHP Billy Kline
|
Pitching: LHP Billy Kline
|
|
Batting: RHB Danny Odom
|
0-0: Foul Ball, location: 2F 0-1: Ball 1-1: Foul Ball, location: 2F 1-2: Strikes out swinging
|
Batting: RHB Curt Earnest
|
0-0: Ball 1-0: Ball 2-0: Ball 3-0: Base on Balls
|
Batting: RHB Dietmar Warmisch
|
0-0: Ball 1-0: Called Strike 1-1: SINGLE (Groundball, 15S, EV 61.3 MPH) (infield hit) Curt Earnest to second
|
Batting: RHB Alain Delhaye
|
0-0: Ball Curt Earnest is caught stealing 3rd base 2-5 1-0: Foul Ball, location: 2F 1-1: SINGLE (Groundball, 25, EV 76.9 MPH) (infield hit) Dietmar Warmisch to second
|
Batting: RHB Preston Deakyne
|
0-0: Called Strike 0-1: Foul Ball, location: 2F 0-2: Ball 1-2: Ground out 4-3 (Groundball, 4, EV 85.6 MPH)
|
Top of the 1st over - 0 runs, 2 hits, 0 errors, 2 left on base; California 0 - Minnesota 0 |
BOTTOM OF THE 1ST |
Minnesota Twins batting - Pitching for California Angels : RHP Ben Sedlacek
|
Pitching: RHP Ben Sedlacek
|
|
Batting: RHB Yonetoshi Muranaka
|
0-0: Ball 1-0: Ball 2-0: Foul Ball, location: 2F 2-1: Called Strike 2-2: Strikes out swinging
|
Batting: RHB José Molina
|
0-0: Called Strike 0-1: Called Strike 0-2: Foul Ball, location: 2F 0-2: Ball 1-2: Ball 2-2: SINGLE (Groundball, 56D, EV 98.1 MPH)
|
Batting: RHB Jared McClernon
|
0-0: Ball 1-0: Foul Ball, location: 2F 1-1: Ball 2-1: Ball 3-1: Called Strike 3-2: Foul Ball, location: 2F 3-2: Foul Ball, location: 2F 3-2: Ground out 1-3 (Groundball, 15S, EV 70.6 MPH) José Molina to second
|
Batting: RHB Jesus Chavez
|
0-0: Ball 1-0: Called Strike 1-1: Foul Ball, location: 2F 1-2: Strikes out swinging
|
Bottom of the 1st over - 0 runs, 1 hit, 0 errors, 1 left on base; California 0 - Minnesota 0 |
TOP OF THE 2ND |
California Angels batting - Pitching for Minnesota Twins : LHP Billy Kline
|
Batting: LHB Jack Bell
|
0-0: Ground out 5-3 (Groundball, 6, EV 92.5 MPH)
|
Batting: RHB Nick Dunn
|
0-0: Ball 1-0: Called Strike 1-1: Swinging Strike 1-2: Foul Ball, location: 2F 1-2: Foul Ball, location: 2F 1-2: Fly out, F6 (Popup, 6MS, EV 75.6 MPH)
|
Batting: LHB Josh Cook
|
0-0: Called Strike 0-1: Called Strike 0-2: Strikes out looking
|
Top of the 2nd over - 0 runs, 0 hits, 0 errors, 0 left on base; California 0 - Minnesota 0 |
BOTTOM OF THE 2ND |
Minnesota Twins batting - Pitching for California Angels : RHP Ben Sedlacek
|
Batting: LHB Joel Kunkler
|
0-0: Called Strike 0-1: Foul Ball, location: 2F 0-2: Ball 1-2: Ball 2-2: Foul Ball, location: 2F 2-2: Ball 3-2: Foul Ball, location: 2F 3-2: Foul Ball, location: 2F 3-2: Foul Ball, location: 2F 3-2: Fly out, F8 (Line Drive, 8RM, EV 88.8 MPH)
|
Batting: LHB Sam Dowdy
|
0-0: Ground out 4-3 (Groundball, 4, EV 102.5 MPH)
|
Batting: RHB Väinö Tapaninen
|
0-0: Ball 1-0: Ball 2-0: SINGLE (Groundball, 56D, EV 110.6 MPH)
|
Batting: RHB Vinny Luna
|
0-0: Called Strike 0-1: Ball 1-1: Ball 2-1: Ground out 4-3 (Groundball, 34, EV 103.1 MPH)
|
Bottom of the 2nd over - 0 runs, 1 hit, 0 errors, 1 left on base; California 0 - Minnesota 0 |
TOP OF THE 3RD |
California Angels batting - Pitching for Minnesota Twins : LHP Billy Kline
|
Batting: LHB Javier Trujillo
|
0-0: Foul Ball, location: 2F 0-1: Ball 1-1: Fly out, F8 (Flyball, 78D, EV 105.6 MPH)
|
Batting: RHB Danny Odom
|
0-0: Called Strike 0-1: Ball 1-1: Foul Ball, location: 2F 1-2: Strikes out swinging
|
Batting: RHB Curt Earnest
|
0-0: Called Strike 0-1: Foul Ball, location: 2F 0-2: Foul Ball, location: 2F 0-2: Strikes out looking
|
Top of the 3rd over - 0 runs, 0 hits, 0 errors, 0 left on base; California 0 - Minnesota 0 |
BOTTOM OF THE 3RD |
Minnesota Twins batting - Pitching for California Angels : RHP Ben Sedlacek
|
Batting: RHB Josh Zoglmann
|
0-0: Ball 1-0: Called Strike 1-1: Ground out 4-3 (Groundball, 4, EV 80.0 MPH)
|
Batting: RHB Yonetoshi Muranaka
|
0-0: Swinging Strike 0-1: Ground out 6-3 (Groundball, 56, EV 100.0 MPH)
|
Batting: RHB José Molina
|
0-0: Ball 1-0: Called Strike 1-1: Ball 2-1: SINGLE (Groundball, 6MD, EV 108.8 MPH)
|
Batting: RHB Jared McClernon
|
0-0: Ball 1-0: Ball 2-0: Called Strike 2-1: Foul Ball, location: 2F 2-2: Fly out, F8 (Flyball, 8LD, EV 98.8 MPH)
|
Bottom of the 3rd over - 0 runs, 1 hit, 0 errors, 1 left on base; California 0 - Minnesota 0 |
TOP OF THE 4TH |
California Angels batting - Pitching for Minnesota Twins : LHP Billy Kline
|
Batting: RHB Dietmar Warmisch
|
0-0: Swinging Strike 0-1: Foul Ball, location: 2F 0-2: Ball 1-2: Ball 2-2: SINGLE (Groundball, 4MD, EV 96.9 MPH)
|
Batting: RHB Alain Delhaye
|
0-0: Called Strike 0-1: Fielders Choice at 2nd, 5-4 (Groundball, 56S, EV 78.1 MPH)
|
Batting: RHB Preston Deakyne
|
0-0: Ball 1-0: 2-RUN HOME RUN (Flyball, 7D, EV 104.4 MPH), Distance : 374 ft
|
Batting: LHB Jack Bell
|
0-0: Ball 1-0: Fly out, F7 (Flyball, 7LM, EV 91.3 MPH)
|
Batting: RHB Nick Dunn
|
0-0: Called Strike 0-1: Ball 1-1: Swinging Strike 1-2: Ball 2-2: Foul Ball, location: 2F 2-2: Ball 3-2: Foul Ball, location: 2F 3-2: Foul Ball, location: 2F 3-2: Base on Balls
|
Batting: LHB Josh Cook
|
0-0: Ball Nick Dunn is caught stealing 2nd base 2-6
|
Top of the 4th over - 2 runs, 2 hits, 0 errors, 0 left on base; California 2 - Minnesota 0 |
BOTTOM OF THE 4TH |
Minnesota Twins batting - Pitching for California Angels : RHP Ben Sedlacek
|
Batting: RHB Jesus Chavez
|
0-0: Called Strike 0-1: Ball 1-1: Ball 2-1: Ball 3-1: Base on Balls
|
Batting: LHB Joel Kunkler
|
0-0: Ball 1-0: Foul Ball, location: 2F 1-1: Swinging Strike 1-2: Strikes out swinging
|
Batting: LHB Sam Dowdy
|
0-0: Ball 1-0: Foul Ball, location: 2F 1-1: Fly out, F9 (Flyball, 9S, EV 83.1 MPH)
|
Batting: RHB Väinö Tapaninen
|
0-0: Ball 1-0: Fly out, F8 (Line Drive, 8RD, EV 103.8 MPH)
|
Bottom of the 4th over - 0 runs, 0 hits, 0 errors, 1 left on base; California 2 - Minnesota 0 |
TOP OF THE 5TH |
California Angels batting - Pitching for Minnesota Twins : LHP Billy Kline
|
Batting: LHB Josh Cook
|
0-0: Ball 1-0: Swinging Strike 1-1: Ball 2-1: Swinging Strike 2-2: Strikes out swinging
|
Batting: LHB Javier Trujillo
|
0-0: Ball 1-0: Ball 2-0: Ball 3-0: Called Strike 3-1: Base on Balls
|
Batting: RHB Danny Odom
|
0-0: Ball 1-0: Grounds into double play, 6-4-3 (Groundball, 6, EV 105.0 MPH)
|
Top of the 5th over - 0 runs, 0 hits, 0 errors, 0 left on base; California 2 - Minnesota 0 |
BOTTOM OF THE 5TH |
Minnesota Twins batting - Pitching for California Angels : RHP Ben Sedlacek
|
Batting: RHB Vinny Luna
|
0-0: Foul Ball, location: 2F 0-1: Called Strike 0-2: Ball 1-2: Ground out 6-3 (Groundball, 56, EV 102.5 MPH)
|
Batting: RHB Josh Zoglmann
|
0-0: Foul Ball, location: 2F 0-1: Ball 1-1: Ball 2-1: Ground out 5-3 (Groundball, 56, EV 90.0 MPH)
|
Batting: RHB Yonetoshi Muranaka
|
0-0: Swinging Strike 0-1: Foul Ball, location: 2F 0-2: Ball 1-2: Ball 2-2: Ball 3-2: Foul Ball, location: 2F 3-2: SINGLE (Groundball, 5S, EV 67.5 MPH) (infield hit)
|
Pitching: RHP Austin Maki
|
|
Batting: RHB José Molina
|
0-0: Ball 1-0: Called Strike Yonetoshi Muranaka steals 2nd base 1-1: Ball 2-1: SINGLE (Groundball, 6M, EV 105.0 MPH) (infield hit) Yonetoshi Muranaka to third
|
Batting: RHB Jared McClernon
|
0-0: Fielders Choice at 2nd, 6-4 (Groundball, 4M, EV 100.0 MPH)
|
Bottom of the 5th over - 0 runs, 2 hits, 0 errors, 2 left on base; California 2 - Minnesota 0 |
TOP OF THE 6TH |
California Angels batting - Pitching for Minnesota Twins : LHP Billy Kline
|
Batting: RHB Curt Earnest
|
0-0: Called Strike 0-1: Swinging Strike 0-2: Ball 1-2: Strikes out swinging
|
Batting: RHB Dietmar Warmisch
|
0-0: Foul Ball, location: 2F 0-1: Swinging Strike 0-2: Ball 1-2: Ball 2-2: Ball 3-2: Foul Ball, location: 2F 3-2: SINGLE (Groundball, 34D, EV 98.8 MPH)
|
Batting: RHB Alain Delhaye
|
0-0: Ball 1-0: Ball 2-0: Fly out, F8 (Flyball, 89D, EV 90.6 MPH)
|
Pitching: RHP Tomas Vargas
|
|
Batting: RHB Preston Deakyne
|
0-0: Foul Ball, location: 2F 0-1: Called Strike 0-2: Strikes out swinging
|
Top of the 6th over - 0 runs, 1 hit, 0 errors, 1 left on base; California 2 - Minnesota 0 |
BOTTOM OF THE 6TH |
Minnesota Twins batting - Pitching for California Angels : RHP Austin Maki
|
Batting: RHB Jesus Chavez
|
0-0: Ball 1-0: SINGLE (Line Drive, 89M, EV 100.0 MPH)
|
Batting: LHB Joel Kunkler
|
0-0: Foul Ball, location: 2F 0-1: Foul Ball, location: 2F 0-2: Ball 1-2: SINGLE (Groundball, 6MD, EV 104.4 MPH) Jesus Chavez to second
|
Batting: LHB Sam Dowdy
|
0-0: Ball 1-0: Swinging Strike 1-1: Foul Ball, location: 2F 1-2: Strikes out swinging
|
Pinch Hitting: LHB Sadamu Noguchi
|
0-0: Ball 1-0: Ball 2-0: Ball 3-0: Swinging Strike 3-1: Foul Ball, location: 2F 3-2: Grounds into double play, 4-6-3 (Groundball, 4, EV 86.3 MPH)
|
Bottom of the 6th over - 0 runs, 2 hits, 0 errors, 1 left on base; California 2 - Minnesota 0 |
TOP OF THE 7TH |
California Angels batting - Pitching for Minnesota Twins : RHP Tomas Vargas
|
Now in CF: Sadamu Noguchi
|
|
Batting: LHB Jack Bell
|
0-0: Ball 1-0: Called Strike 1-1: Foul Ball, location: 2F 1-2: Strikes out looking
|
Batting: RHB Nick Dunn
|
0-0: Foul Ball, location: 2F 0-1: SINGLE (Groundball, 6MS, EV 65.6 MPH) (infield hit)
|
Batting: LHB Josh Cook
|
0-0: Grounds into double play, 4-6-3 (Groundball, 4M, EV 105.6 MPH)
|
Top of the 7th over - 0 runs, 1 hit, 0 errors, 0 left on base; California 2 - Minnesota 0 |
BOTTOM OF THE 7TH |
Minnesota Twins batting - Pitching for California Angels : RHP Austin Maki
|
Pitching: RHP Joel Ciampi
|
|
Batting: RHB Vinny Luna
|
0-0: Ball 1-0: Called Strike 1-1: Fly out, F8 (Line Drive, 8LD, EV 92.5 MPH)
|
Batting: RHB Josh Zoglmann
|
0-0: Ground out 5-3 (Groundball, 56S, EV 60.6 MPH)
|
Batting: RHB Yonetoshi Muranaka
|
0-0: Ball 1-0: Ground out U3 (Groundball, 3, EV 98.8 MPH)
|
Bottom of the 7th over - 0 runs, 0 hits, 0 errors, 0 left on base; California 2 - Minnesota 0 |
TOP OF THE 8TH |
California Angels batting - Pitching for Minnesota Twins : RHP Tomas Vargas
|
Pitching: RHP Oscar Zuniga
|
|
Batting: LHB Javier Trujillo
|
0-0: Swinging Strike 0-1: Ball 1-1: Ball 2-1: SINGLE (Line Drive, 78S, EV 104.4 MPH)
|
Batting: RHB Danny Odom
|
0-0: Ball 1-0: Reached on error, E2 (Groundball, 2R, EV 43.8 MPH) Javier Trujillo to third
|
Batting: RHB Curt Earnest
|
0-0: SINGLE (Groundball, 56D, EV 101.9 MPH) Javier Trujillo scores Danny Odom to third Runner from 3rd tries for Home, SAFE, throw by LF to home Curt Earnest to second
|
Batting: RHB Dietmar Warmisch
|
0-0: Fly out, F4 (Line Drive, 4, EV 72.5 MPH)
|
Batting: RHB Alain Delhaye
|
0-0: Called Strike 0-1: Ground out 5-3 (Groundball, 56S, EV 65.6 MPH) Curt Earnest to third
|
Batting: RHB Preston Deakyne
|
0-0: Ball 1-0: Ball 2-0: Ground out 6-3 (Groundball, 6, EV 101.9 MPH)
|
Top of the 8th over - 2 runs, 2 hits, 1 error, 1 left on base; California 4 - Minnesota 0 |
BOTTOM OF THE 8TH |
Minnesota Twins batting - Pitching for California Angels : RHP Joel Ciampi
|
Batting: RHB José Molina
|
0-0: Ball 1-0: Ground out 5-3 (Groundball, 5, EV 88.1 MPH)
|
Batting: RHB Jared McClernon
|
0-0: Ball 1-0: Foul Ball, location: 2F 1-1: Called Strike 1-2: SINGLE (Line Drive, 7LS, EV 114.4 MPH)
|
Batting: RHB Jesus Chavez
|
0-0: Foul Ball, location: 2F 0-1: Grounds into double play, 6-4-3 (Groundball, 6D, EV 85.0 MPH)
|
Bottom of the 8th over - 0 runs, 1 hit, 0 errors, 0 left on base; California 4 - Minnesota 0 |
TOP OF THE 9TH |
California Angels batting - Pitching for Minnesota Twins : RHP Oscar Zuniga
|
Pitching: RHP Mario Arce
|
|
Batting: LHB Jack Bell
|
0-0: Called Strike 0-1: Foul Ball, location: 2F 0-2: Strikes out swinging
|
Batting: RHB Nick Dunn
|
0-0: SINGLE (Groundball, 56D, EV 103.8 MPH)
|
Batting: LHB Josh Cook
|
0-0: Called Strike Nick Dunn steals 2nd base 0-1: Ground out 5-3 (Groundball, 25, EV 85.0 MPH)
|
Batting: LHB Javier Trujillo
|
0-0: Ball 1-0: Swinging Strike 1-1: Ground out 6-3 (Groundball, 4M, EV 87.5 MPH)
|
Top of the 9th over - 0 runs, 1 hit, 0 errors, 1 left on base; California 4 - Minnesota 0 |
BOTTOM OF THE 9TH |
Minnesota Twins batting - Pitching for California Angels : RHP Joel Ciampi
|
Batting: LHB Joel Kunkler
|
0-0: Ball 1-0: Called Strike 1-1: Foul Ball, location: 2F 1-2: Strikes out looking
|
Batting: LHB Sam Dowdy
|
0-0: Called Strike 0-1: Ball 1-1: Foul Ball, location: 2F 1-2: Foul Ball, location: 2F 1-2: Foul Ball, location: 2F 1-2: Strikes out looking
|
Batting: LHB Sadamu Noguchi
|
0-0: Called Strike 0-1: Foul Ball, location: 2F 0-2: Strikes out swinging
|
Bottom of the 9th over - 0 runs, 0 hits, 0 errors, 0 left on base; California 4 - Minnesota 0 |
|